 Dungeon Crawl Stone Soup version 0.17.1-3-g152610e (webtiles) character file.

436 senseless the Skirmisher (level 6, -2/58 HPs)
             Began as a Minotaur Fighter on Apr 25, 2016.
             Slain by an ogre
             ... wielding a +0 giant club
              (12 damage)
             ... on level 4 of the Dungeon.
             The game lasted 00:07:41 (2594 turns).

senseless the Skirmisher (Minotaur Fighter)         Turns: 2594, Time: 00:07:41

Health: -2/58      AC: 12    Str: 21    XL:     6   Next: 68%
Magic:  5/5        EV:  7    Int:  6    God:
Gold:   267        SH: 10    Dex: 10    Spells: 0 memorised, 5 levels left

rFire  . . .     SeeInvis .     a - +1 flail
rCold  . . .     Clarity  .     b - +0 scale mail
rNeg   . . .     SustAt   .     c - +0 shield
rPois  .         Gourm    .     (helmet restricted)
rElec  .         Spirit   .     p - +0 cloak
rCorr  .         Warding  .     j - +0 pair of gloves
rMut   .         Stasis   .     s - +1 pair of boots
MR     .....                    (no amulet)
Stlth  ..........               (no ring)
                                r - ring of wizardry

@: about to teleport, not resistant to hostile enchantments, extremely
unstealthy
A: retaliatory headbutt, horns 2
a: no special abilities


You were on level 4 of the Dungeon.
You were not hungry.

You visited 1 branch of the dungeon, and saw 5 of its levels.

You collected 267 gold pieces.

Inventory:

Hand Weapons
 a - a +1 flail (weapon)
Armour
 b - a +0 scale mail (worn)
 c - a +0 shield (worn)
 j - a +0 pair of gloves (worn)
 p - a +0 cloak (worn)
 s - a +1 pair of boots (worn)
Jewellery
 r - a ring of wizardry (left hand)
Wands
 t - a wand of cold (5)
 y - a wand of teleportation (1)
Scrolls
 i - a scroll of magic mapping
 m - 2 scrolls of fear
 n - 3 scrolls of identify
 q - a scroll of amnesia {unknown}
 u - a scroll of teleportation {unknown}
 w - a scroll of recharging
 x - a scroll of enchant weapon
Potions
 d - a potion of might
 f - 2 potions of flight
 h - 2 potions of curing {unknown}
 k - a potion of brilliance {unknown}
 z - a potion of heal wounds {unknown}
Comestibles
 e - a bread ration
 g - 3 meat rations
 l - a slice of pizza
 o - a chunk of flesh
 v - a beef jerky


   Skills:
 * Level 6.4 Fighting
 + Level 4.5 Maces & Flails
 + Level 5.0 Armour
 + Level 5.2 Shields


You had 5 spell levels left.
You didn't know any spells.

Dungeon Overview and Level Annotations

Branches:
Dungeon (5/15)
 Temple: D:4-7

Altars:
Xom
Yredelemnul


Innate Abilities, Weirdness & Mutations

You reflexively headbutt those who attack you in melee.
You have a pair of horns on your head.


Message History

You hit the ogre.
The ogre is moderately wounded.
The ogre hits you with a giant club!
* * * LOW HITPOINT WARNING * * *
You are too injured to fight recklessly!
You are too injured to fight recklessly!
Zapping:
y - a wand of teleportation (will waste charges)
Press: ? - help, Shift-Dir - straight line, f - ogre
Aim: an ogre, wielding a giant club (moderately wounded, chance to defeat MR: 51%)
The ogre resists with significant effort.
Evoking this partially-identified wand wasted a few charges.
The black bear bites you.
* * * LOW HITPOINT WARNING * * *
The black bear claws you but does no damage. x2
Zapping:
y - a wand of teleportation {zapped: 3} (will waste charges)
Press: ? - help, Shift-Dir - straight line, f - you, p - ogre You feel strangely unstable.
Evoking this partially-identified wand wasted a few charges.
The ogre hits you with a giant club!
You die...

................#
......##[.......+
.....####.......#
.....# #.......#
.....# #.......#
...... #.......#
.....#
#.......##### ###
######'##h..###.
#...@O......
#...........
#...........
#...$.......
#...........
##......####
#......# .......#


You could see a black bear and an ogre.

Vanquished Creatures
  An ice beast (D:5)
  A centaur (D:5)
  Crazy Yiuf (D:3)
  3 worker ants
  6 gnolls
  4 adders
  An ooze (D:1)
  2 worms
  4 orcs
  3 bats
  2 giant cockroaches
  11 hobgoblins
  4 kobolds
  8 giant geckos
  7 giant newts
  5 goblins
  6 rats
69 creatures vanquished.

Notes
Turn   | Place    | Note
--------------------------------------------------------------
     0 | D:1      | senseless the Minotaur Fighter began the quest for the Orb.
     0 | D:1      | Reached XP level 1. HP: 19/19 MP: 0/0
   115 | D:1      | Reached XP level 2. HP: 27/27 MP: 1/1
   333 | D:1      | Reached skill level 4 in Fighting
   608 | D:2      | Reached XP level 3. HP: 30/33 MP: 2/2
   659 | D:2      | Reached XP level 4. HP: 10/41 MP: 3/3
  1461 | D:3      | Reached skill level 5 in Fighting
  1592 | D:3      | Noticed Crazy Yiuf
  1601 | D:3      | Killed Crazy Yiuf
  1601 | D:3      | Reached XP level 5. HP: 18/48 MP: 4/4
  2023 | D:3      | Found a basalt altar of Yredelemnul.
  2084 | D:3      | Found a shimmering altar of Xom.
  2265 | D:4      | You fall through a shaft!
  2265 | D:5      | Entered Level 5 of the Dungeon
  2304 | D:5      | Noticed a centaur
  2306 | D:5      | Noticed an ice beast
  2315 | D:5      | Killed an ice beast
  2315 | D:5      | Reached skill level 6 in Fighting
  2315 | D:5      | Reached skill level 5 in Shields
  2315 | D:5      | Reached XP level 6. HP: 41/57 MP: 5/5
  2328 | D:5      | Killed a centaur
  2328 | D:5      | Reached skill level 5 in Armour
  2589 | D:4      | Noticed an ogre
  2589 | D:4      | Noticed a black bear
  2594 | D:4      | Slain by an ogre

Action                   |  1- 3 |  4- 6 || total
-------------------------+-------+-------++-------
Melee: Flail             |    52 |   118 ||   170
Evoke: Wand              |       |     2 ||     2
  Use: Scroll            |       |     9 ||     9
  Eat: Chunk             |       |     3 ||     3
       Beef jerky        |       |     1 ||     1
       Bread ration      |       |     1 ||     1
